 Dungeon Crawl Stone Soup version 0.30-a0-389-g8d7d949 (webtiles) character file.

Game seed: 8166806567787125365

1975 BarneyGumball the Covert (level 9, 0/39 (41) HPs)
             Began as a Spriggan Brigand on Dec 3, 2022.
             Was an Initiate of Dithmenos.
             Slain by a wight
             ... wielding a +2 dire flail of freezing
              (3 damage)
             ... on level 6 of the Dungeon.
             The game lasted 00:35:36 (5773 turns).

BarneyGumball the Covert (Spriggan Brigand)         Turns: 5773, Time: 00:35:37

HP:   0/39 (41)     AC:  3    Str:  7    XL:     9   Next: 0%
MP:   10/10         EV: 16    Int: 16    God:    Dithmenos [......]
Gold: 349           SH:  0    Dex: 17    Spells: 8/8 levels left

rFire   . . .      SeeInvis +    b - +0 dagger (venom)
rCold   . . .      Faith    .    (no shield)
rNeg    + . .      Spirit   .    z - +0 robe
rPois   .          Reflect  .    (helmet restricted)
rElec   .          Harm     .    c - +0 cloak
rCorr   .          Rampage  .    (gloves unavailable)
Will    +....                    (boots unavailable)
Stlth   +++++.....               (no amulet)
HPRegen 0.26/turn                p - ring of positive energy
MPRegen 0.12/turn                v - ring of wizardry

@: lightly drained, very quick
A: very small, no large weapons, unfitting armour, see invisible, speed 3
a: Renounce Religion


You were on level 6 of the Dungeon.
You worshipped Dithmenos.
Dithmenos was noncommittal.
You visited 2 branches of the dungeon, and saw 7 of its levels.

You collected 349 gold pieces.

Inventory:

Hand Weapons
 a - a +2 vorpal sling
 b - a +0 dagger of venom (weapon)
 g - a +1 short sword of speed
 D - a +3 dagger
Missiles
 d - 9 poisoned darts (quivered)
 e - a curare-tipped dart
Armour
 c - a +0 cloak (worn)
 z - a +0 robe (worn)
Jewellery
 p - a ring of positive energy (left hand)
 v - a ring of wizardry (right hand)
Wands
 x - a wand of mindburst (19)
 C - a wand of flame (3)
Scrolls
 f - a scroll of blinking {unknown}
 h - a scroll of silence {unknown}
 l - a scroll of teleportation {unknown}
 m - 2 scrolls of noise
 s - a scroll of vulnerability {unknown}
 t - 2 scrolls of fear {unknown}
 u - a scroll of brand weapon {unknown}
 A - a scroll of poison {unknown}
Potions
 i - a potion of flight
 j - 2 potions of attraction
 k - 4 potions of mutation
 n - a potion of magic {unknown}
 o - a potion of haste {unknown}
 q - a potion of brilliance {unknown}
 r - 2 potions of ambrosia
 w - a potion of degeneration {unknown}
 B - a potion of might {unknown}


   Skills:
 - Level 1.5 Fighting
 * Level 9.4 Short Blades
 + Level 2.8 Ranged Weapons
 - Level 6.0 Throwing
 - Level 1.3 Dodging
 - Level 10.0 Stealth


You had 8 spell levels left.
You didn't know any spells.
Your spell library contained the following spells:

 Spells                   Type           Power      Damage    Failure   Level
 Sting                    Tmut/Pois      0%         1d3       11%         1
 Cigotuvi's Dreadful Rot  Necr/Pois/Air  0%         N/A       16%         2
 Poisonous Vapours        Pois/Air       0%         N/A       16%         2
 Gell's Gravitas          Tloc           0%         N/A       28%         3
 Mephitic Cloud           Conj/Pois/Air  0%         N/A       28%         3
 Teleport Other           Tloc           0%         N/A       28%         3
 Olgreb's Toxic Radiance  Pois           0%         N/A       65%         4
 Dispersal                Tloc           0%         N/A       100%        6
 Ozocubu's Refrigeration  Ice            0%         4d7       100%        7
 Ignition                 Fire           0%         3d3       100%        8


Dungeon Overview and Level Annotations

Branches:
Dungeon (6/15)             Temple (1/1) D:5

Altars:
Ashenzari
Cheibriados
Dithmenos
Hepliaklqana
Kikubaaqudgha
Makhleb
Nemelex Xobeh
Okawaru
Sif Muna
Trog
Yredelemnul
The Shining One

Shops:
D:6 :

Annotations:
D:5 2 transporters, poml's ghost, novice OgGl


Innate Abilities, Weirdness & Mutations

You are very small and have problems with some larger weapons.
You are too small for most types of armour.
You have supernaturally acute eyesight. (SInv)
You cover ground extremely quickly. (Speed+++)


Message History

You hear the sound of rushing water.
There is an entrance to a sewer on this level.
Hurry and find it before the portal rusts away!
You hear the slow rusting of a drain very nearby.
There is a stone staircase leading up here.
Your +0 dagger of venom stops dripping with poison.
a - a +2 vorpal sling (weapon)
Fire: a) +2 sling (vorpal)
Press: ? - help, Q - select action, (/) - cycle Shift-Dir - straight line, f - wight
Aim: a wight, wielding a +2 dire flail of freezing and wearing a +0 robe (60% to hit)
You shoot a sling bullet.
The sling bullet barely misses the wight.
A wight comes into view.
It is wielding a +3 falchion of freezing.
Fire: a) +2 sling (vorpal)
Press: ? - help, Q - select action, (/) - cycle Shift-Dir - straight line, f/p - wight
Aim: a wight, wielding a +2 dire flail of freezing and wearing a +0 robe (60% to hit)
You shoot a sling bullet.
The sling bullet completely misses the wight.
The sling bullet hits the wight!
The wight is severely damaged.
Your +0 dagger of venom begins to drip with poison!
b - a +0 dagger of venom (weapon)
You climb upwards.
Level annotation: 2 transporters, poml's ghost, novice OgGl
There is a stone staircase leading down here.
A phantom is nearby!
You climb downwards.
You hear the sound of rushing water.
There is an entrance to a sewer on this level.
Hurry and find it before the portal rusts away!
The wight misses you. The wight barely misses you.
The wight closely misses you.
The wight hits you with a +3 falchion of freezing.
You partially resist.
You feel drained. The wight freezes you.
The wight hits you with a +2 dire flail of freezing!
You partially resist.
You feel drained. The wight freezes you.
There is a stone staircase leading up here.
The wight barely misses you.
The wight hits you with a +2 dire flail of freezing!
* * * LOW HITPOINT WARNING * * *
The wight freezes you.
You die...

~~ .. #.
.# #. .# .
#. .# .b
#. .#
...###. .#
....... .#
.....Yz#.#
......z@z#
#..#######


You could see an ice beast, 3 wights and a bat (wandering).

Vanquished Creatures
  Pikel (D:4)
  Sigmund (D:5)
  A wyvern (D:5)
  A water moccasin (D:5)
  Duvessa (D:4)
  A black bear (D:6)
  An ogre (D:5)
  An ice beast (D:5)
  Dowan (D:4)
  5 orc priests
  2 hounds (D:5)
  A jelly (D:4)
  6 iguanas
  4 orc wizards
  4 gnolls (D:2)
  5 adders
  A shadow imp (D:5)
  2 worms
  A dart slug (D:1)
  14 orcs
  4 endoplasms
  2 giant cockroaches
  6 hobgoblins
  6 jackals
  8 kobolds
  2 quokkas
  6 ball pythons
  7 bats
  6 frilled lizards
  5 goblins
  6 rats
  A spectral kobold (D:3)
113 creatures vanquished.

Vanquished Creatures (others)
  A fungus (D:5)
1 creature vanquished.

Grand Total: 114 creatures vanquished

Notes
Turn   | Place    | Note
-------+----------+-------------------------------------------
     0 | D:1      | BarneyGumball the Spriggan Brigand began the quest for the
                  | Orb.
     0 | D:1      | Reached XP level 1. HP: 10/10 MP: 2/2
   121 | D:1      | Reached skill level 6 in Stealth
   194 | D:1      | Reached XP level 2. HP: 14/14 MP: 3/3
   926 | D:2      | Reached XP level 3. HP: 18/18 MP: 4/4
   927 | D:2      | Identified the +11 quarterstaff "Quntanisk" {vorpal, rPois}
  1567 | D:2      | Reached XP level 4. HP: 22/22 MP: 5/5
  1746 | D:2      | You fall into a shaft and drop 2 floors!
  1754 | D:4      | Noticed Dowan
  1775 | D:4      | Found a glowing golden altar of the Shining One.
  2424 | D:3      | Found a faded altar of an unknown god.
  2430 | D:3      | Reached skill level 7 in Stealth
  2745 | D:4      | Noticed Duvessa
  2808 | D:4      | Reached XP level 5. HP: 20/25 MP: 6/6
  2973 | D:4      | Killed Duvessa
  2974 | D:4      | Reached skill level 5 in Short Blades
  3163 | D:4      | Killed Dowan
  3164 | D:4      | Reached XP level 6. HP: 30/30 MP: 7/7
  3564 | D:4      | Reached skill level 8 in Stealth
  3664 | D:5      | Entered Level 5 of the Dungeon
  3693 | D:5      | Reached XP level 7. HP: 23/33 MP: 8/8
  3788 | D:5      | Found a staircase to the Ecumenical Temple.
  3820 | Temple   | Entered the Ecumenical Temple
  3942 | Temple   | Became a worshipper of Dithmenos the Shadowed
  3973 | D:5      | Found a transporter.
  3974 | D:5      | Found a transporter.
  3974 | D:5      | Noticed poml's ghost (novice OgGl)
  3988 | D:5      | Noticed Pikel
  4032 | D:5      | Noticed Sigmund
  4074 | D:5      | Killed Sigmund
  4102 | D:4      | Killed Pikel
  4103 | D:4      | Reached skill level 5 in Throwing
  4103 | D:4      | Reached skill level 9 in Stealth
  4103 | D:4      | Reached XP level 8. HP: 18/37 MP: 9/9
  4516 | D:5      | Found a broken altar of Ashenzari.
  4599 | D:5      | Reached skill level 1 in Ranged Weapons
  4599 | D:5      | Reached skill level 10 in Stealth
  5518 | D:5      | Found a sparkling altar of Nemelex Xobeh.
  5641 | D:6      | Found Darie's Book Shop.
  5666 | D:5      | Reached XP level 9. HP: 40/41 MP: 10/10
  5773 | D:6      | Slain by a wight

Illustrated notes

Levels and vault maps discovered:
D:1:      dpeg_arrival_oval, layout_loops_ring
D:2:      layout_basic, minivault_25, wander_ebering_terrifying_dragon_lair
D:3:      layout_loops_cross, dreamdust_ecumenical_altar_drowned_temple,
          minmay_misc_feat_room, minivault_24
D:4:      layout_cave_pools, serial_park, serial_park_gazebo
          [serial_park_minivault_5x5_1], serial_park_tiny_2,
          serial_park_tiny_pond, serial_park_tiny_1, serial_park_square1
          [serial_park_minivault_5x5_7], minmay_misc_feat_doors, uniq_duvessa
D:5:      layout_cave_pools, lemuel_doored_altar,
          mainiacjoe_overflow_tiny_flanked, minmay_temple_entry_proselytizer,
          gammafunk_ghost_hive, eino_small_chamber_without_monster,
          uniq_sigmund, uniq_pikel
D:6:      layout_loops_ring, zin_scriptorium, cheibrodos_sewer_entry_sluice,
          serial_shops, shop, hangedman_abyss_or_decor_stagger, kennysheep_nub
Temple:   regret_index_temple_generic_petals

Skill      XL: |  1  2  3  4  5  6  7  8 |
---------------+-------------------------+-----
Stealth        | 6 7 8 9 10 | 10.0
Short Blades   | 3 4 5 6 7 9 |  9.4
Throwing       | 3 4 5 6 |  6.0
Ranged Weapons | 2 |  2.8
Fighting       | |  1.5
Dodging        | |  1.3

Action                   |  1- 3 |  4- 6 |  7- 9 || total
-------------------------+-------+-------+-------++-------
Melee: Short sword       |   106 |    87 |       ||   193
       Dagger            |     6 |     6 |    85 ||    97
       Punch             |       |     2 |     1 ||     3
 Fire: Sling             |       |       |    87 ||    87
Throw: Dart              |    15 |    53 |    24 ||    92
  Use: Scroll            |       |     5 |       ||     5
       Potion            |       |     1 |     1 ||     2
 Stab: Sleeping          |    10 |    17 |     4 ||    31
       Distracted        |       |     2 |       ||     2
Armor: Robe              |    10 |     4 |     5 ||    19
Dodge: Dodged            |    51 |    35 |    59 ||   145

Table legend: (Time is in decaauts)
 A = Elapsed time spent in this place.
 B = Non-inter-level travel time spent in this place.
 C = Inter-level travel time spent in this place.
 D = Time resting spent in this place.
 E = Time spent auto-exploring this place.
 F = Levels seen in this place.
 G = Mean time per level.
                   A        B        C        D        E       F      G
               +--------+--------+--------+--------+--------+-----+--------+
         Total |   3983 |   3756 |    227 |    628 |   1652 |   7 |  569.0 |
       Dungeon |   3891 |   3680 |    211 |    628 |   1583 |   6 |  648.5 |
        Temple |     91 |     75 |     16 |      0 |     68 |   1 |   91.0 |
               +--------+--------+--------+--------+--------+-----+--------+

Top non-repeatable levels by time:
     D:5: 1030 daAuts
     D:4: 923 daAuts
     D:3: 783 daAuts
     D:2: 594 daAuts
     D:1: 503 daAuts
  Temple: 91 daAuts
     D:6: 56 daAuts
